 Dungeon Crawl Stone Soup version 0.23-a0-4-g8f018a2 (webtiles) character file.

296 Firecrotchwizard the Chopper (level 6, -2/56 HPs)
             Began as a Hill Orc Fighter on Aug 1, 2018.
             Was a Follower of Makhleb.
             Slain by a slave (4 damage)
             ... led by Pikel
             ... on level 4 of the Dungeon.
             The game lasted 00:03:58 (3035 turns).

Firecrotchwizard the Chopper (Hill Orc Fighter)     Turns: 3035, Time: 00:03:59

Health: -2/56      AC: 13    Str: 21    XL:     6   Next: 34%
Magic:  6/6        EV:  8    Int:  8    God:    Makhleb [*.....]
Gold:   128        SH:  9    Dex: 10    Spells: 5/5 levels left

rFire    . . .     SeeInvis .   a - +0 war axe
rCold    . . .     Gourm    .   c - +0 shield
rNeg     . . .     Faith    .   r - +0 plate armour
rPois    .         Spirit   .   (no helmet)
rElec    .         Reflect  .   e - +0 cloak
rCorr    +         Harm     .   p - +0 pair of gloves
MR       .....                  (no boots)
Stlth    ..........             (no amulet)
HPRegen  0.18/turn              q - ring of resist corrosion
MPRegen  0.10/turn              u - +4 ring of evasion

@: no status effects
A: no striking features
a: Renounce Religion


You were on level 4 of the Dungeon.
You worshipped Makhleb.
Makhleb was aware of your devotion.
You were not hungry.

You visited 1 branch of the dungeon, and saw 4 of its levels.

You collected 128 gold pieces.

Inventory:

Hand Weapons
 a - a +0 war axe (weapon)
Armour
 b - a +0 scale mail
 c - a +0 shield (worn)
 e - a +0 cloak (worn)
   (You found it on level 1 of the Dungeon)
 l - a +0 chain mail
   (You found it on level 2 of the Dungeon)
 p - a +0 pair of gloves (worn)
   (You found it on level 3 of the Dungeon)
 r - a +0 plate armour (worn)
   (You found it on level 3 of the Dungeon)
Jewellery
 q - a ring of resist corrosion (left hand)
   (You found it on level 3 of the Dungeon)
 u - a +4 ring of evasion (right hand)
   (You found it on level 3 of the Dungeon)
Scrolls
 h - 5 scrolls of identify {unknown}
 m - a scroll of noise {unknown}
 n - 2 scrolls of remove curse {unknown}
 o - a scroll of teleportation {unknown}
 s - a scroll of enchant armour {unknown}
 t - a scroll of magic mapping {unknown}
Potions
 d - 2 potions of might
 i - a potion of berserk rage {unknown}
 j - a potion of curing {unknown}
 k - a potion of lignification {unknown}
 v - a potion of mutation {unknown}
Comestibles
 f - 7 rations {@e1}
 g - 4 chunks of flesh {@w0}


   Skills:
 + Level 5.2 Fighting
 * Level 6.3 Axes
 - Level 3.2 Armour
 + Level 4.7 Shields


You had 5 spell levels left.
You didn't know any spells.
Your spell library was empty.

Dungeon Overview and Level Annotations

Branches:
Dungeon (4/15)
 Temple: D:4-7

Altars:
Dithmenos
Gozag
Makhleb
Vehumet

Annotations:
D:4 Pikel


Message History

You hit the orc priest.
You kill the orc priest!
Makhleb accepts your kill.
You feel better.
You hit the orc but do no damage.
You hit the adder skeleton but do no damage.
You hit the orc but do no damage. You slash the orc!
You kill the orc!
Makhleb accepts your kill. The adder skeleton barely misses you.
The orc hits you but does no damage. The orc closely misses you.
Health restored: 56 You closely miss the orc.
You hit the adder skeleton. You slash the orc!
You kill the orc!
Makhleb accepts your kill. The adder skeleton bites you.
The orc hits you but does no damage. The adder skeleton barely misses you.
You take 3 damage, and have 53/56 hp.
Your plate armour prevents you from hitting the orc.
Your plate armour prevents you from hitting the adder skeleton.
The orc closely misses you. You block the adder skeleton's attack.
The orc completely misses you.
You slash the orc!
You kill the orc!
Makhleb accepts your kill.
You closely miss the adder skeleton.
The adder skeleton bites you but does no damage. x2
You closely miss the adder skeleton.
The adder skeleton bites you but does no damage.
You slash the adder skeleton!
You destroy the adder skeleton!
Makhleb accepts your kill.
You feel better.
Health restored: 56 No target in view!
Things that are here:
a flail; a ring mail; an orc corpse You butcher the orc corpse.
g - 4 chunks of flesh {@w0} (gained 3)
Things that are here:
a flail; a ring mail
Things that are here:
a flail; a ring mail
Things that are here:
a dagger; a club; a ring mail You now have 128 gold pieces (gained 6).
f - 7 rations {@e1} (gained 1)
Found a stone staircase leading up.
A slave comes into view.
A slave is nearby! 2 slaves come into view.
The slave shouts!
You hear a shout!
The slave moves out of view.
Pikel the Slaver comes into view.
He is wielding a whip of electrocution.
Pikel moves out of view.
You block the slave's attack.
You slash the slave!
A slave comes into view.
The slave hits you but does no damage.
Your shield and plate armour prevent you from hitting the slave.
You closely miss the slave. The slave hits you. You block the slave's attack.
The slave closely misses you.
You take 3 damage, and have 53/56 hp.
You hit the slave. You closely miss the slave. The slave hits you.
The slave hits you but does no damage.
You take 1 damage, and have 52/56 hp.
You slash the slave!
You kill the slave!
That felt strangely unrewarding.
You closely miss the slave. You block the slave's attack. x2
You hit the slave but do no damage. You hit the slave.
You block the slave's attack.
You miss Pikel. You barely miss the slave.
The slave hits you but does no damage. You block Pikel's attack.
The slave hits you.
You take 4 damage, and have 48/56 hp.
You hit Pikel. You closely miss the slave. Pikel hits you but does no damage.
You block the slave's attack.
You slash Pikel! You slash the slave!
Pikel hits you with a whip of electrocution!
The slave hits you but does no damage.
You take 7 damage, and have 41/56 hp.
You slash Pikel! You hit the slave. You block Pikel's attack.
The slave hits you but does no damage. You block Pikel's attack.
You block the slave's attack.
You slash Pikel! You slash the slave! Pikel closely misses you.
The slave hits you but does no damage.
Your plate armour prevents you from hitting Pikel.
You closely miss the slave.
Pikel hits you with a whip of electrocution.
The slave completely misses you.
You barely miss Pikel.
Your plate armour prevents you from hitting the slave.
Pikel hits you with a whip of electrocution.
You are electrocuted!
You block the slave's attack.
Pikel hits you with a whip of electrocution.
You are electrocuted!
* * * LOW HITPOINT WARNING * * *
The slave hits you.
You die...

#### ##..
#######..####p.K .
..........p.......
######.#####.....
#..pp@Kp.....
##..#####.....
##..## ... ###...#
### .
##....##.......
.###..##.##.......#
...................
..######.##........#
##........#....


You could see Pikel and 3 slaves.

Vanquished Creatures
  A slave (D:4)
  A bullfrog skeleton (D:4)
  2 orc priests
  An orc wizard (D:3)
  8 adders
  An ooze (D:2)
  2 worms (D:2)
  An adder skeleton (D:4)
  A dart slug (D:2)
  A leopard gecko (D:3)
  13 orcs
  4 bats
  5 giant cockroaches
  13 goblins
  7 hobgoblins
  3 jackals (D:2)
  8 kobolds
  2 ball pythons
  3 frilled lizards
  8 rats
85 creatures vanquished.

Notes
Turn   | Place    | Note
-------+----------+-------------------------------------------
     0 | D:1      | Firecrotchwizard the Hill Orc Fighter began the quest for the Orb.
     0 | D:1      | Reached XP level 1. HP: 19/19 MP: 1/1
    39 | D:1      | Reached skill level 3 in Axes
    54 | D:1      | Reached XP level 2. HP: 21/27 MP: 2/2
   394 | D:1      | Reached skill level 4 in Fighting
   564 | D:1      | Reached XP level 3. HP: 33/33 MP: 3/3
   895 | D:2      | Found a burning altar of Makhleb.
   896 | D:2      | Found a radiant altar of Vehumet.
   904 | D:2      | Became a worshipper of Makhleb the Destroyer
   926 | D:2      | Reached skill level 4 in Axes
   930 | D:2      | Found an opulent altar of Gozag.
  1473 | D:2      | Reached XP level 4. HP: 40/40 MP: 4/4
  1662 | D:2      | Reached skill level 4 in Shields
  1907 | D:2      | Reached skill level 5 in Axes
  2234 | D:3      | Reached * piety under Makhleb
  2252 | D:3      | Reached XP level 5. HP: 45/47 MP: 5/5
  2570 | D:3      | Found a shadowy altar of Dithmenos.
  2616 | D:3      | Reached skill level 5 in Fighting
  2618 | D:3      | Reached XP level 6. HP: 56/56 MP: 6/6
  2969 | D:4      | Reached skill level 6 in Axes
  3018 | D:4      | Noticed a slave
  3019 | D:4      | Noticed a slave
  3019 | D:4      | Noticed a slave
  3020 | D:4      | Noticed Pikel
  3024 | D:4      | Noticed a slave
  3027 | D:4      | Killed a slave
  3035 | D:4      | HP: 2/56 [Pikel/whip of electrocution (20)]
  3035 | D:4      | Slain by a slave

Vault maps used:
D:1:      lemuel_arrival_rhombus, serial_forest, infiniplex_forest_lined_room_2,
          infiniplex_forest_fountain, infiniplex_forest_clump_small,
          infiniplex_forest_corner_1, infiniplex_forest_lined_ring,
          infiniplex_forest_end_1, infiniplex_forest_side_room,
          infiniplex_forest_clump_medium
D:2:      chequers_temple_overflow_statue_of_worship,
          nicolae_overflow_crystal_walls
D:3:      nicolae_dithmenos_shadow_blocks
D:4:      tso_altar, kennysheep_generic_room_4, uniq_pikel

Skill      XL: |  1  2  3  4  5  6 |
---------------+-------------------+-----
Axes           | 3 4 5 6 |  6.3
Fighting       | 4 5 |  5.2
Shields        | 4 |  4.7
Armour         | |  3.2

Action                   |  1- 3 |  4- 6 || total
-------------------------+-------+-------++-------
Melee: War axe           |   124 |   153 ||   277
  Eat: Chunk             |     2 |     5 ||     7
Armor: Scale mail        |    53 |    19 ||    72
       Chain mail        |       |    49 ||    49
       Plate armour      |       |    25 ||    25
Dodge: Dodged            |    41 |    45 ||    86
Block: Shield            |    71 |    96 ||   167

Table legend:
 A = Spawn XP
 B = Non-spawn XP
 C = Spawn XP percentage of total XP
 D = Spawn monster count
 E = Non-spawn monster count
 F = Spawn count percentage of total count
 G = Total turns spent on level
                    A         B        C        D         E        F      G
               +---------+---------+-------+---------+---------+-------+---------
         Total |       0 |     423 |   0.0 |       0 |      84 |   0.0 |  3035
               +---------+---------+-------+---------+---------+-------+---------
           D:1 |       0 |      45 |   0.0 |       0 |      26 |   0.0 |   894
           D:2 |       0 |     114 |   0.0 |       0 |      24 |   0.0 |  1331
           D:3 |       0 |     166 |   0.0 |       0 |      26 |   0.0 |   739
           D:4 |       0 |      98 |   0.0 |       0 |       8 |   0.0 |    71
               +---------+---------+-------+---------+---------+-------+---------

Vault maps used:
D:1:      lemuel_arrival_rhombus, serial_forest, infiniplex_forest_lined_room_2,
          infiniplex_forest_fountain, infiniplex_forest_clump_small,
          infiniplex_forest_corner_1, infiniplex_forest_lined_ring,
          infiniplex_forest_end_1, infiniplex_forest_side_room,
          infiniplex_forest_clump_medium
D:2:      chequers_temple_overflow_statue_of_worship,
          nicolae_overflow_crystal_walls
D:3:      nicolae_dithmenos_shadow_blocks
D:4:      tso_altar, kennysheep_generic_room_4, uniq_pikel

Table legend:
 A = Turns spent in this place as a percentage of turns spent in the entire game.
 B = Non-inter-level travel turns spent in this place as a percentage of non-inter-level travel turns spent in the entire game.
 C = Inter-level travel turns spent in this place as a percentage of turns spent in this place.
 D = Turns resting spent in this place as a percentage of non-inter-level travel turns spent in this place.
 E = Turns spent auto-exploring this place as a percentage of non-inter-level travel turns spent in this place.
 F = Non-inter-level travel turns spent in this place divided by the number of levels of this place that you've seen.
                   A       B       C       D       E      F
               +-------+-------+-------+-------+-------+----------------------
         Total | 100.0 | 100.0 |   2.2 |  19.0 |  62.2 | 742.2
       Dungeon | 100.0 | 100.0 |   2.2 |  19.0 |  62.2 | 742.2
               +-------+-------+-------+-------+-------+----------------------

Table legend:
 A = Kills in this place as a percentage of kills in entire the game.
 B = Kills by you in this place as a percentage of kills by you in the entire game.
 C = Kills by friends in this place as a percentage of kills by friends in the entire game.
 D = Other kills in this place as a percentage of other kills in the entire game.
 E = Experience gained in this place as a percentage of experience gained in the entire game.
 F = Experience gained in this place divided by the number of levels of this place that you have seen.
                   A       B       C       D       E      F
               +-------+-------+-------+-------+-------+----------------------
         Total | 100.0 | 100.0 |   N/A |   N/A | 100.0 | 105.8
       Dungeon | 100.0 | 100.0 |   N/A |   N/A | 100.0 | 105.8
               +-------+-------+-------+-------+-------+----------------------
